 Dungeon Crawl Stone Soup version 0.31-a0-1-g4198be8af4 (webtiles) character file.

Game seed: 904427934148065369

4139 123456 the Fighter (level 10, -7/94 HPs)
             Began as a Minotaur Fighter on May 2, 2023.
             Was an Initiate of Gozag.
             Mangled by Maurice
             ... wielding a +0 short sword of distortion
              (17 damage)
             ... on level 8 of the Dungeon.
             The game lasted 00:08:06 (8109 turns).

123456 the Fighter (Minotaur Fighter)               Turns: 8109, Time: 00:08:06

Health: -7/94      AC:  9    Str: 25    XL:     10   Next: 7%
Magic:  9/9        EV: 12    Int:  5    God:    Gozag
Gold:   201        SH:  4    Dex: 10    Spells: 9/9 levels left

rFire   . . .        J - +3 morningstar
rCold   . . .        c - +0 buckler
rNeg    . . .        b - +0 scale mail
rPois   .            t - +0 hat
rElec   .            (no cloak)
rCorr   .            i - +0 pair of gloves
SInv    .            (no boots)
Will    .....        (no amulet) Stlth
                     (no ring)
HPRegen 0.35/turn    (no ring)
MPRegen 0.11/turn

%: no passive effects
@: no status effects
A: horns 2, retaliatory headbutt
a: Renounce Religion, Potion Petition, Call Merchant, Bribe Branch


You were on level 8 of the Dungeon.
You worshipped Gozag.
Gozag was aware of your devotion.
You visited 2 branches of the dungeon, and saw 9 of its levels.

You collected 299 gold pieces.
You paid 98 gold pieces to Gozag.

Inventory:

Hand Weapons
 J - a +3 morningstar (weapon)
Armour
 b - a +0 scale mail (worn)
 c - a +0 buckler (worn)
 i - a +0 pair of gloves (worn)
 t - a +0 hat (worn)
Jewellery
 p - a ring of positive energy
Wands
 A - a wand of charming (6)
 E - a wand of flame (7)
Scrolls
 e - 2 scrolls of magic mapping {unknown}
 f - 5 scrolls of teleportation
 g - 2 scrolls of fog {unknown}
 h - a scroll of blinking
 k - 3 scrolls of poison
 l - a scroll of summoning {unknown}
 o - 4 scrolls of identify {unknown}
 r - 5 scrolls of vulnerability {unknown}
 s - a scroll of noise {unknown}
 x - a scroll of torment {unknown}
 y - a scroll of enchant armour {unknown}
 C - a scroll of brand weapon {unknown}
 D - a scroll of silence {unknown}
 G - a scroll of enchant weapon {unknown}
 I - a scroll of amnesia {unknown}
Potions
 a - a potion of degeneration {unknown}
 d - 2 potions of might
 j - 3 potions of curing
 m - a potion of haste
 n - a potion of brilliance {unknown}
 v - a potion of mutation {unknown}
 w - 2 potions of invisibility {unknown}
 z - a potion of attraction {unknown}
 B - a potion of heal wounds {unknown}
 F - 2 potions of magic {unknown}
 H - a potion of lignification {unknown}


   Skills:
 * Level 10.7 Fighting
 * Level 10.4 Maces & Flails
 + Level 8.1 Armour
 + Level 6.3 Dodging
 - Level 3.6 Shields


You had 9 spell levels left.
You didn't know any spells.
Your spell library contained the following spells:

 Spells                   Type           Power      Damage    Failure   Level
 Magic Dart               Conj           0%         1d3       80%         1
 Blink                    Tloc           0%         N/A       90%         2
 Call Imp                 Summ           0%         N/A       90%         2
 Lesser Beckoning         Tloc           0%         N/A       90%         2
 Momentum Strike          Conj/Tloc      0%         3d8       90%         2
 Mephitic Cloud           Conj/Pois/Air  0%         N/A       99%         3
 Animate Armour           Summ/Erth      0%         N/A       100%        4
 Blade Hands              Tmut           0%         N/A       100%        5
 Conjure Ball Lightning   Conj/Air       0%         3x3d6     100%        6
 Iron Shot                Conj/Erth      0%         9d1       100%        6
 Ozocubu's Refrigeration  Ice            0%         4d7       100%        7
 Discord                  Hex            0%         N/A       100%        8
 Disjunction              Tloc           0%         N/A       100%        8
 Polar Vortex             Ice            0%         N/A       100%        9
 Simulacrum               Ice/Necr       Unusable   N/A       N/A         6

Dungeon Overview and Level Annotations

Branches:
Dungeon (8/15)             Temple (1/1) D:6
   Lair: D:8-11

Altars:
Ashenzari
Cheibriados
Dithmenos
Elyvilon
Fedhas
Gozag
Hepliaklqana
Kikubaaqudgha
Makhleb
Nemelex Xobeh
Okawaru
Qazlal
Ru
Sif Muna
Trog
Uskayaw
Vehumet
Wu Jian
Xom
Yredelemnul
Zin
The Shining One

Shops:
D:8 *

Annotations:
D:8 Maurice


Innate Abilities, Weirdness & Mutations

You have a pair of horns on your head.
You reflexively headbutt those who attack you in melee.


Message History

You hit something but do no damage. Something hits you but does no damage.
Space warps around you.
You hit something. Your headbutt misses something.
You hear a zap.
A bolt of dispelling energy appears from out of thin air!
The bolt of dispelling energy hits you!
* * * LOW HITPOINT WARNING * * *
Something hits you.
* * * LOW HITPOINT WARNING * * *
Something steals 2 of your 3 potions of haste!
Space warps horribly around you!
* * * LOW HITPOINT WARNING * * *
It was a potion of curing.
You feel better. Something completely misses you.
You feel better. Something hits you but does no damage. Space warps around you.
* * * LOW HITPOINT WARNING * * *
You hear a zap.
A bolt of dispelling energy appears from out of thin air!
The bolt of dispelling energy hits you!
* * * LOW HITPOINT WARNING * * *
You feel better. You block something's attack.
You feel better. Something hits you.
* * * LOW HITPOINT WARNING * * *
Something steals your +2 flail of protection!
Space warps around you.
* * * LOW HITPOINT WARNING * * *
Something hits you.
* * * LOW HITPOINT WARNING * * *
Something steals 678 gold pieces!
You no longer have enough gold to petition Gozag for potion effects.
You no longer have enough gold to fund merchants seeking to open stores in the dungeon.
You now have 201 gold pieces.
You miss something. Something hits you but does no damage.
Space warps around you.
* * * LOW HITPOINT WARNING * * *
You need at least 400 gold to purchase potions right now!
You miss something. Something hits you.
* * * LOW HITPOINT WARNING * * *
Something steals your ring of wizardry! Space warps horribly around you!
You die...
Your body crumbles into a pile of gold.

......................
..................P... P..P.
.....#####........♣♣♣... ♣..P♣
.....# #....#+..♣ ♣... ♣..P♣
.....#####........♣♣♣P.P♣♣♣P..♣♣♣
..........##......P.....PP.....P.
..........##.....................
##........###...{......+#.#......
##.........##...@...............#
########..........#.≈≈≈≈≈≈≈.≈....
########..........# ≈.......≈....
##...§§.§.......#.# ≈§≈≈≈≈≈.≈..#.
##.≈≈§≈≈§≈≈§..###.#.≈.§.§§≈.≈....
...≈....§..≈........≈.§._.≈.≈....
...≈.#####.≈........≈.≈...§§≈...#
...≈.#.....§........≈..≈≈≈≈.≈...+
...≈.#._.#.≈........≈.....§.≈...#


There were no monsters in sight!

Vanquished Creatures
  2 steam dragons
  3 water moccasins
  Duvessa (D:7)
  An orc warrior (D:8)
  A sky beast (D:5)
  An ice beast (D:6)
  3 black bears
  An ogre (D:6)
  2 centaurs
  A phantom (D:5)
  A kobold brigand (D:8)
  8 scorpions
  Dowan (D:7)
  14 wights (D:8)
  4 killer bees (D:8)
  5 jellies
  A gnoll bouda (D:7)
  5 hounds
  3 orc priests
  A sleepcap (D:7)
  Jessica (D:3)
  6 iguanas
  6 orc wizards
  3 gnolls (D:7)
  13 adders
  2 white imps
  An ufetubus (D:5)
  13 dart slugs
  43 orcs
  4 ball pythons
  9 bats
  3 endoplasms
  5 giant cockroaches
  6 goblins
  4 hobgoblins
  8 jackals
  2 quokkas
  A frilled lizard (D:2)
  6 kobolds
  3 rats
198 creatures vanquished.

Vanquished Creatures (others)
  An orc (D:7)
  6 fungi (D:6)
  9 plants
16 creatures vanquished.

Grand Total: 214 creatures vanquished

Notes
Turn   | Place    | Note
-------+----------+-------------------------------------------
     0 | D:1      | 123456 the Minotaur Fighter began the quest for the Orb.
     0 | D:1      | Reached XP level 1. HP: 19/19 MP: 0/0
   191 | D:1      | Noticed a great orb of eyes
   192 | D:1      | Noticed a great orb of eyes
   194 | D:1      | Found a faded altar of an unknown god.
   196 | D:1      | Noticed a great orb of eyes
   199 | D:1      | Noticed a floating eye
   518 | D:1      | Reached XP level 2. HP: 24/27 MP: 1/1
  1305 | D:2      | Reached skill level 1 in Dodging
  1305 | D:2      | Reached XP level 3. HP: 33/33 MP: 2/2
  2007 | D:3      | Noticed Jessica
  2012 | D:3      | Killed Jessica
  2013 | D:3      | Reached XP level 4. HP: 39/41 MP: 3/3
  2155 | D:3      | Reached XP level 5. HP: 46/47 MP: 4/4
  2499 | D:3      | Reached skill level 5 in Fighting
  3238 | D:4      | Noticed a black bear
  3246 | D:4      | Killed a black bear
  3247 | D:4      | Reached skill level 5 in Maces & Flails
  3247 | D:4      | Reached XP level 6. HP: 45/57 MP: 5/5
  3312 | D:4      | Reached skill level 5 in Armour
  3550 | D:4      | Found a burning altar of Makhleb.
  3745 | D:5      | Entered Level 5 of the Dungeon
  4138 | D:5      | Reached XP level 7. HP: 61/63 MP: 6/6
  4622 | D:5      | Found a stormy altar of Qazlal.
  4629 | D:5      | Reached XP level 8. HP: 66/73 MP: 7/7
  5336 | D:6      | Found a staircase to the Ecumenical Temple.
  5438 | Temple   | Entered the Ecumenical Temple
  5626 | Temple   | Became a worshipper of Gozag Ym Sagoz the Greedy
  6286 | D:6      | Identified the +4 war axe of the Sun {spect, Int+4}
  6406 | D:7      | Noticed Duvessa
  6406 | D:7      | Noticed Dowan
  6410 | D:7      | Killed Dowan
  6411 | D:7      | Reached XP level 9. HP: 82/82 MP: 8/8
  6417 | D:7      | Killed Duvessa
  6418 | D:7      | Reached skill level 5 in Dodging
  7496 | D:8      | Found Misuoffel's Lightly-Used Armoury.
  7525 | D:8      | Reached skill level 10 in Fighting
  7611 | D:8      | Found an iron altar of Okawaru.
  7732 | D:8      | Found a hazy altar of Hepliaklqana.
  7786 | D:8      | Reached skill level 10 in Maces & Flails
  7879 | D:8      | Reached XP level 10. HP: 83/94 MP: 9/9
  7937 | D:8      | Identified the +2 mace "Favoniuq" {pain, rPois rN+ Will++}
  8079 | D:8      | Noticed Maurice
  8103 | D:8      | HP: 4/94 [something (14)]
  8109 | D:8      | Mangled by Maurice

Illustrated notes

Levels and vault maps discovered:
D:1:      dpeg_chamrin_arrival_tetris, layout_basic,
          hellmonk_ecumenical_altar_watching_god
D:2:      layout_basic
D:3:      kennysheep_slugbush, layout_basic, uniq_jessica
D:4:      layout_basic, lemuel_round_altar, minmay_statues_item
D:5:      layout_basic, nicolae_qazlal_beasts_of_the_sky,
          minmay_increasing_density
D:6:      old_forge, layout_loops_ring, temple_pool_b
D:7:      layout_basic, serial_corexii_hall, chequers_hall_statues_wall_a,
          corexii_hall_statues_s, chequers_hall_statues_wall_a,
          chequers_hall_statues_wall_a, uniq_duvessa
D:8:      layout_basic, mainiacjoe_overflow_brackets,
          mainiacjoe_overflow_concentric_impassable, minmay_shop_damaged,
          kennysheep_boxes, uniq_maurice
Temple:   regret_index_temple_mists

Skill      XL: |  1  2  3  4  5  6  7  8  9 |
---------------+----------------------------+-----
Fighting       | 4 5 6 7 8 10 | 10.7
Maces & Flails | 3 4 5 6 8 10 | 10.4
Armour         | 4 5 6 8 |  8.1
Dodging        | 1 2 3 4 6 |  6.3
Shields        | |  3.6

Action                     |  1- 3 |  4- 6 |  7- 9 | 10-12 || total
---------------------------+-------+-------+-------+-------++-------
  Melee: Flail             |   102 |   130 |   296 |       ||   528
         Headbutt          |    14 |    12 |    48 |     3 ||    77
         Morningstar       |       |       |       |    31 ||    31
    Use: Scroll            |       |     3 |       |       ||     3
         Potion            |       |       |       |     4 ||     4
   Stab: Held in net/web   |       |       |     1 |       ||     1
         Distracted        |       |       |       |     1 ||     1
 Armour: Scale mail        |    62 |    82 |   147 |     8 ||   299
  Dodge: Dodged            |    56 |    98 |   163 |     9 ||   326
  Block: Buckler           |    26 |    32 |    48 |     6 ||   112

Table legend: (Time is in decaauts)
 A = Elapsed time spent in this place.
 B = Non-inter-level travel time spent in this place.
 C = Inter-level travel time spent in this place.
 D = Time resting spent in this place.
 E = Time spent auto-exploring this place.
 F = Levels seen in this place.
 G = Mean time per level.
                   A        B        C        D        E       F      G
               +--------+--------+--------+--------+--------+-----+--------+
         Total |   8255 |   7879 |    376 |    719 |   5780 |   9 |  917.2 |
       Dungeon |   7987 |   7670 |    317 |    719 |   5596 |   8 |  998.4 |
        Temple |    267 |    208 |     59 |      0 |    184 |   1 |  267.0 |
               +--------+--------+--------+--------+--------+-----+--------+

Top non-repeatable levels by time:
     D:5: 1463 daAuts
     D:1: 1243 daAuts
     D:3: 1029 daAuts
     D:6: 1004 daAuts
     D:2: 990 daAuts
     D:7: 948 daAuts
     D:8: 745 daAuts
     D:4: 560 daAuts
  Temple: 267 daAuts
